cohdb
Replays
Latest Replays
All Replays
Popular Replays
Top Player Replays
Match Explorer
How It Works
Community
CoH3 Stats
Reddit
Sign in to upload your games and track your stats! →
Sign in with Steam
Match 41226565
Unlisted
Match 41226565
Overview
Messages
Build Orders
End
Kettenkrad Recon Vehicle
Construct Infanterie Kompanie
Selects Terror Battlegroup
Selects Machine Gun Camouflage
MG 42 Machine Gun Team
MG 42 Machine Gun Team
GrW 34 Mortar Team
Construct Panzergrenadier Kompanie
Panzergrenadier Squad
Panzergrenadier Squad
Selects Contempt for the Weak
Panzergrenadier Squad
Pak 40 Anti-tank Gun Team
Construct Luftwaffe Kompanie
Jäger Squad
Jäger Squad
Jäger Squad
Disarmed
Unsafe
Flekz127
Antz
0
0
Comments
sign in to comment!
No comments posted yet!